 Dungeon Sprint DCSS version 0.18.1-6-gd335043 (webtiles) character file.

261 Hipnos the Tainter (level 5, -1/24 HPs)
             Began as a Spriggan Venom Mage on May 19, 2016.
             Was an Initiate of Sif Muna.
             Splashed by a jelly's acid (8 damage)
             ... in the Dungeon (Sprint I: "Red Sonja").
             The game lasted 00:03:33 (561 turns).

Hipnos the Tainter (Spriggan Venom Mage)             Turns: 561, Time: 00:03:34

Health: -1/24      AC: -2    Str:  4    XL:     5   Next: 96%
Magic:  6/13       EV: 20    Int: 17    God:    Sif Muna [......]
Gold:   162        SH:  0    Dex: 17    Spells: 3 memorised, 7 levels left

rFire  . . .     SeeInvis +     h - +0 club
rCold  . . .     Gourm    .     a - +0 robe
rNeg   . . .     Faith    .     (shield restricted)
rPois  .         Spirit   .     (helmet restricted)
rElec  .         Dismiss  .     (no cloak)
rCorr  .         Reflect  .     (gloves unavailable)
SustAt .         Harm     .     (boots unavailable)
MR     .....     NoTele   +     (no amulet)
Stlth  ++++......               (no ring)
                                (no ring)

@: corroded, very quick, not resistant to hostile enchantments, stealthy
A: unfitting armour, see invisible, herbivore 3, speed 3, slow metabolism 2
a: Renounce Religion


You were in the Dungeon.
You worshipped Sif Muna.
Sif Muna was noncommittal.
You were not hungry.

You visited 1 branch You collected 162 gold pieces.

Inventory:

Hand Weapons
 h - a +0 club (weapon)
Armour
 a - a +0 robe (worn)
Scrolls
 i - a scroll of blinking
Potions
 d - a potion of curing
 e - a potion of heal wounds
 f - a potion of haste
 g - 2 potions of magic
Books
 b - a Young Poisoner's Handbook

   Spells                             Type                      Level
   a - Sting                          Conjuration/Poison           1
   b - Cure Poison                    Poison                       2
   c - Mephitic Cloud                 Conjuration/Poison/Air       3
   d - Olgreb's Toxic Radiance        Poison                       4
   e - Venom Bolt                     Conjuration/Poison           5
Comestibles
 c - a bread ration


   Skills:
 + Level 0.1 Fighting
 + Level 4.8 Dodging
 * Level 6.9 Stealth
 + Level 4.8 Spellcasting
 + Level 0.8 Conjurations
 * Level 11.3 Poison Magic


You had 7 spell levels left.
You knew the following spells:

 Your Spells              Type           Power        Failure   Level  Hunger
a - Sting                 Conj/Pois      ###.         1%          1    None
b - Cure Poison           Pois           #####.....   1%          2    #......
c - Mephitic Cloud        Conj/Pois/Air  ###.....     10%         3    ###....


Dungeon Overview and Level Annotations

Branches:
Dungeon (1/1)

Altars:
Sif Muna
Vehumet


Innate Abilities, Weirdness & Mutations

You are tiny and cannot use many weapons and most armour.
You have supernaturally acute eyesight.
You are a herbivore.
You cover ground extremely quickly.
You need consume almost no food.


Message History

Press: ? - help, Shift-Dir - straight line, f/p - jelly
Aim: a jelly (lightly wounded)
The ball explodes into a vile cloud!
The stinking cloud engulfs the jelly.
The jelly is lightly wounded.
You hit the jelly but do no damage. The acid corrodes you!
Your hands burn!
The jelly is lightly wounded.
The jelly hits you.
You are splashed with acid!
The acid burns!
The jelly closely misses you.
Casting: Mephitic Cloud
Confirm with . or Enter, or press ? or * to list all spells.
Aiming: Sting
Press: ? - help, Shift-Dir - straight line, f/p - jelly
Aim: a jelly (lightly wounded)
The sting hits the jelly.
The jelly completely resists.
The jelly is lightly wounded.
There is a fountain of clear blue water here.
The jelly hits you.
* * * LOW HITPOINT WARNING * * *
You are splashed with acid!
The acid burns!
You die...

################
#<.#)§'..#..'..#
#..'§.#..)..#..+
#..#####'#####'#
#..# #..# #=#
#@.# #### ##(#
#.J# #+#..+ #⌠⌠#
+..._# ####
#_.#+# ##+


You could see a jelly.

Vanquished Creatures
  Sigmund (D)
  An ogre (D)
  Ijyb (D)
3 creatures vanquished.

Notes
Turn   | Place    | Note
--------------------------------------------------------------
     0 | D        | Hipnos the Spriggan Venom Mage began the quest for the Orb.
     0 | D        | Reached XP level 1. HP: 9/9 MP: 5/5
     1 | D        | Noticed Ijyb
    14 | D        | Killed Ijyb
    14 | D        | Reached skill level 6 in Poison Magic
    14 | D        | Reached XP level 2. HP: 4/13 MP: 1/6
   234 | D        | Learned a level 2 spell: Cure Poison
   240 | D        | Noticed an ogre
   262 | D        | Killed an ogre
   262 | D        | Reached skill level 5 in Stealth
   262 | D        | Reached skill level 9 in Poison Magic
   262 | D        | Reached XP level 3. HP: 16/16 MP: 0/9
   262 | D        | Reached XP level 4. HP: 21/21 MP: 0/10
   350 | D        | Learned a level 3 spell: Mephitic Cloud
   351 | D        | Noticed Sigmund
   359 | D        | Killed Sigmund
   359 | D        | Reached skill level 11 in Poison Magic
   359 | D        | Reached XP level 5. HP: 12/24 MP: 3/13
   524 | D        | Found a deep blue altar of Sif Muna.
   526 | D        | Found a radiant altar of Vehumet.
   530 | D        | Became a worshipper of Sif Muna the Loreminder
   561 | D        | Splashed by a jelly's acid

Skill      XL: |  1  2  3  4 |
---------------+-------------+-----
Stealth        | 4 5 6 |  6.9
Poison Magic   | 6 9 11 | 11.3
Spellcasting   | 3 4 |  4.8
Dodging        | 4 |  4.8
Fighting       | |  0.1
Conjurations   | |  0.8

Action                   |  1- 3 |  4- 6 || total
-------------------------+-------+-------++-------
Melee: Unarmed           |     7 |       ||     7
       Club              |       |     1 ||     1
 Cast: Sting             |     8 |    14 ||    22
       Mephitic Cloud    |       |     1 ||     1
  Use: Potion            |     1 |       ||     1
Armor: Robe              |     1 |       ||     1
Dodge: Dodged            |     6 |     4 ||    10
